 Dungeon Crawl Stone Soup version 0.22.1-1-ga44c0e5 (webtiles) character file.

2404 Irenicus the Covert (level 9, -1/78 HPs)
             Began as a Deep Dwarf Earth Elementalist on Oct 3, 2018.
             Slain by Prince Ribbit (10 damage)
             ... on level 7 of the Dungeon.
             The game lasted 00:35:59 (4321 turns).

Irenicus the Covert (Deep Dwarf Earth Elementalist) Turns: 4321, Time: 00:35:59

Health: -1/78      AC: 10    Str: 10 (12) XL:     9   Next: 23%
Magic:  5/9        EV: 12    Int: 18 (19) God:
Gold:   354        SH:  0    Dex: 11 (13) Spells: 6/12 levels left

rFire    . . .     SeeInvis .   x - +0 dagger (speed)
rCold    . . .     Gourm    .   (no shield)
rNeg     . . .     Faith    .   c - +0 robe
rPois    +         Spirit   .   g - +1 helmet
rElec    .         Reflect  .   b - +2 cloak {rPois}
rCorr    .         Harm     .   (no gloves)
MR       +....                  (no boots)
Stlth    +++++.....             (no amulet)
HPRegen  0.00/turn              v - ring of stealth {Stlth+}
MPRegen  0.11/turn              s - +3 ring of protection

@: very slightly contaminated, non-regenerating
A: damage resistance, heal wounds, sense surroundings 2, no regeneration
a: Heal Wounds


You were on level 7 of the Dungeon.
You were hungry.

You visited 1 branch of the dungeon, and saw 7 of its levels.
You also visited: Sewer and Ossuary.

You collected 354 gold pieces.

Inventory:

Hand Weapons
 e - a +0 club
   (You took it off a hobgoblin on level 1 of the Dungeon)
 h - a +0 dagger
   (You took it off a kobold on level 1 of the Dungeon)
 x - a +0 dagger of speed (weapon)
   (You took it off an orc wizard on level 5 of the Dungeon)
Missiles
 m - 29 stones (quivered)
Armour
 b - a +2 cloak of poison resistance (worn)
   (You took it off Crazy Yiuf on level 3 of the Dungeon)
 c - a +0 robe (worn)
 g - a +1 helmet (worn)
   (You took it off Robin on level 2 of the Dungeon)
Jewellery
 n - an uncursed ring of protection from magic {MR+, !d}
   (You found it on level 2 of the Dungeon)
 o - an uncursed ring of attention
   (You found it on level 3 of the Dungeon)
 q - an uncursed amulet of faith {Faith, !P}
   (You took it off a gnoll on level 3 of the Dungeon)
 s - a +3 ring of protection (right hand)
   (You found it on level 4 of the Dungeon)
 v - a ring of stealth (left hand) {Stlth+}
   (You found it on level 5 of the Dungeon)
Scrolls
 a - a scroll of fog {unknown}
 i - a scroll of enchant armour
 j - 2 scrolls of teleportation
 k - 5 scrolls of identify
 l - a scroll of vulnerability {unknown}
 r - 7 scrolls of remove curse
 y - a scroll of random uselessness {unknown}
Potions
 f - a potion of magic
 w - 2 potions of ambrosia
 z - a potion of haste
Comestibles
 d - 9 rations


   Skills:
 + Level 3.7 Fighting
 + Level 5.8 Short Blades
 - Level 2.1 Dodging
 - Level 10.5 Stealth
 - Level 2.0 Spellcasting
 - Level 2.0 Conjurations
 - Level 2.6 Transmutations
 - Level 6.0 Earth Magic


You had 6 spell levels left.
You knew the following spells:

 Your Spells              Type           Power        Failure   Level  Hunger
a - Sandblast             Erth           ###...       1%          1    #......
b - Passwall              Tmut/Erth      ###.....     4%          2    ###....
c - Stone Arrow           Conj/Erth      ###...       11%         3    ###....

Your spell library contained the following spells:

 Spells                   Type           Power        Failure   Level  Hunger
 Petrify                  Tmut/Erth      ###.....     30%         4    #####..
 Lee's Rapid Deconstruct  Erth           ###.......   38%         5    ######.


Dungeon Overview and Level Annotations

Branches:
Dungeon (7/15)             Temple (0/1) D:7

Altars:
Ashenzari
Gozag
Nemelex Xobeh

Shops:
D:6 (

Annotations:
D:7 Prince Ribbit


Innate Abilities, Weirdness & Mutations

You are resistant to damage.
You can heal yourself by infusing magical energy.
You passively map the area around you.
You do not regenerate.


Message History

You hit the worker ant but do no damage.
The worker ant misses you.
You hit the worker ant but do no damage.
You hit the worker ant. The worker ant closely misses you.
You hit the worker ant but do no damage.
Aim: a worker ant (moderately wounded)
The blast of sand hits the worker ant.
m - 35 stones The worker ant closely misses you.
The worker ant bites you but does no damage.
You now have 0/9 mp.
You barely miss the worker ant. You closely miss the worker ant.
The worker ant barely misses you.
You hit the worker ant but do no damage.
You hit the worker ant.
You kill the worker ant!
You see here 2 arrows.
Things that are here:
an uncursed shortbow; 15 arrows An orc priest comes into view.
Found a staircase to the Ecumenical Temple.
An orc comes into view.
You closely miss the orc priest.
You don't have enough magic to cast that spell.
Unknown command.
Aim: an orc priest You miscast Sandblast.
You are very lightly contaminated with residual magic.
Nothing appears to happen.
The orc priest misses you.
You now have 1/9 mp.
Aim: an orc priest The blast of sand hits the orc priest.
m - 34 stones You are feeling hungry.
You hear a shout!
An orc comes into view. It is wielding a flail.
The orc priest invokes the aid of Beogh against you.
Beogh smites you!
* * * LOW HITPOINT WARNING * * *
The orc shouts!
You take 11 damage, and have 10/76 hp.
You now have 0/9 mp.
You hit the orc priest but do no damage.
You don't have enough magic to cast that spell.
Unknown command.
You are confused.
You feel invigorated.
The orc priest hits you but does no damage.
You regained 3 hp, and now have 13/76 hp.
You regained 5 mp, and now have 5/9 mp.
You closely miss the orc.
You regained 2 hp, and now have 15/76 hp.
You regained 2 mp, and now have 7/9 mp.
You're too confused to cast spells.
You're too confused!
Unknown command.
You regained 4 hp, and now have 19/76 hp.
MP restored: 9 You're too confused to move!
The orc hits you but does no damage. The orc priest hits you.
You regained 3 hp, and now have 22/76 hp.
You barely miss the orc.
You feel less invigorated.
You feel less confused.
The orc priest casts a cantrip, but nothing happens.
You hit the orc priest. The orc completely misses you.
Aim: an orc priest (severely wounded)
The blast of sand hits the orc priest.
You kill the orc priest!
You feel your dexterity returning.
m - 33 stones The orc hits you.
* * * LOW HITPOINT WARNING * * *
The orc hits you but does no damage.
You now have 8/9 mp.
Aim: an orc, wielding a flail The blast of sand hits the orc.
You kill the orc!
m - 32 stones The orc hits you but does no damage.
You now have 7/9 mp.
Aim: an orc, wearing a leather armour The blast of sand hits the orc.
You kill the orc!
m - 31 stones You now have 6/9 mp.
Things that are here:
a flail; an orc corpse You see here a leather armour.
Prince Ribbit comes into view.
Aim: Prince Ribbit (hasn't noticed you)
The blast of sand hits Prince Ribbit.
Prince Ribbit gives a loud, deep croak!
m - 30 stones You now have 6/9 mp.
Aim: Prince Ribbit (moderately wounded)
The blast of sand hits Prince Ribbit.
m - 29 stones Prince Ribbit hits you!
* * * LOW HITPOINT WARNING * * *
Prince Ribbit hits you!
You die...

. * ##..##......,.#,# *
#.... . *
#..###..#.#..#, #####
#* * #.........#..#. ,,
,, . * ,
#.#.#.#.#...... .
,*#.#...#.##...# * * ,
#.##..#.....?#.* ... ,
#.##..#...⌠.... ...###
, ,..##.)#F.....#.
*##..... # , ..
#.[.@⌠.>.⌠.., .......
#.#, ,, ..
##.##.....#.* #.....
#.## *#. #.. ..⌠..#,*
#..... ...# ##. ,
..$......# * #.....
...# #.. .......##.#,
#..... ...#
#.#####.#...# # #.....
...# #.#...#.#.#.# # *
#.....
...#####.#...#.#...##.#
* #.....
................ .....
#.....


You could see Prince Ribbit.

Vanquished Creatures
  A water moccasin (D:7)
  4 ogres
  A phantom (D:3)
  2 centaurs
  2 elf zombies (Ossuary)
  Blork the orc (D:4)
  5 big kobolds (Sewer)
  3 crimson imps
  2 hounds
  A human zombie (Ossuary)
  Crazy Yiuf (D:3)
  3 orc priests
  3 bullfrog skeletons
  Jessica (D:3)
  4 iguanas
  3 orc wizards
  5 worker ants
  2 big kobold zombies (Ossuary)
  2 hound zombies (Ossuary)
  3 mummies (Ossuary)
  A worker ant zombie (D:5)
  Robin (D:2)
  4 gnolls (D:3)
  10 adders
  A river rat (Sewer)
  3 oozes
  4 adder zombies
  4 worms
  2 dart slugs
  6 leopard geckos
  12 orcs
  5 bats
  7 giant cockroaches
  2 gnoll zombies (Ossuary)
  17 goblins
  13 hobgoblins
  4 jackals (D:5)
  17 kobolds
  5 quokkas
  2 ball pythons (Sewer)
  9 frilled lizards
  A goblin zombie (Ossuary)
  6 hobgoblin zombies (Ossuary)
  3 jackal zombies (Ossuary)
  4 kobold zombies (Ossuary)
  2 orc zombies (Ossuary)
  4 quokka zombies (Ossuary)
  5 rats
  4 rat zombies (Ossuary)
207 creatures vanquished.

Notes
Turn   | Place    | Note
-------+----------+-------------------------------------------
     0 | D:1      | Irenicus the Deep Dwarf Earth Elementalist began the quest
                  | for the Orb.
     0 | D:1      | Reached XP level 1. HP: 15/15 MP: 3/3
    67 | D:1      | Reached skill level 2 in Spellcasting
   143 | D:1      | Reached XP level 2. HP: 22/22 MP: 0/5
   264 | D:1      | Reached skill level 5 in Earth Magic
   345 | D:1      | Reached XP level 3. HP: 19/28 MP: 2/6
   409 | D:1      | Learned a level 2 spell: Passwall
   505 | D:2      | Found a shattered altar of Ashenzari.
   514 | D:2      | Reached skill level 1 in Short Blades
   587 | D:2      | Noticed Robin
   623 | D:2      | Killed Robin
   623 | D:2      | Reached XP level 4. HP: 36/36 MP: 5/7
   815 | D:2      | Found an opulent altar of Gozag.
   884 | D:2      | Reached skill level 6 in Earth Magic
  1017 | D:3      | Found a glowing drain.
  1026 | Sewer    | Entered a sewer
  1037 | Sewer    | Learned a level 3 spell: Stone Arrow
  1053 | Sewer    | Reached skill level 2 in Short Blades
  1073 | Sewer    | Reached skill level 3 in Stealth
  1104 | Sewer    | Noticed a big kobold
  1108 | Sewer    | Noticed a big kobold
  1118 | Sewer    | Killed a big kobold
  1118 | Sewer    | Reached XP level 5. HP: 32/42 MP: 2/8
  1157 | Sewer    | Reached skill level 3 in Short Blades
  1157 | Sewer    | Reached skill level 4 in Stealth
  1192 | Sewer    | Reached skill level 5 in Stealth
  1192 | Sewer    | Reached XP level 6. HP: 19/49 MP: 2/9
  1255 | Sewer    | HP: 12/49 [ooze (2)]
  1368 | Sewer    | HP: 7/49 [big kobold (3)]
  1413 | Sewer    | Reached skill level 4 in Short Blades
  1426 | Sewer    | HP: 12/49 [worm (6)]
  1467 | Sewer    | Reached skill level 6 in Stealth
  1467 | Sewer    | Reached XP level 7. HP: 14/55 MP: 2/10
  1572 | D:3      | Found a runed door.
  1578 | D:3      | Noticed Crazy Yiuf
  1581 | D:3      | Killed Crazy Yiuf
  1674 | D:3      | HP: 13/55 [orc wizard/puff of flame (1)]
  1693 | D:4      | Reached skill level 1 in Conjurations
  1799 | D:4      | Noticed Blork the orc
  1808 | D:4      | Killed Blork the orc
  1808 | D:4      | Reached skill level 2 in Conjurations
  1930 | D:4      | Reached skill level 1 in Transmutations
  1978 | D:4      | Reached skill level 2 in Transmutations
  2177 | D:3      | Reached skill level 7 in Stealth
  2221 | D:3      | Noticed Jessica
  2289 | D:3      | HP: 11/55 [gnoll/spear (4)]
  2301 | D:3      | HP: 13/55 [gnoll/spear (4)]
  2304 | D:3      | HP: 5/55 [gnoll/spear (8)]
  2466 | D:3      | Reached XP level 8. HP: 20/62 MP: 0/11
  2523 | D:3      | Reached skill level 8 in Stealth
  2572 | D:3      | HP: 9/62 [orc priest/divine providence (11)]
  2652 | D:3      | HP: 14/62 [orc priest/nerve-wracking pain (10)]
  2657 | D:3      | HP: 5/62 [Jessica/nerve-wracking pain (5)]
  2659 | D:3      | Killed Jessica
  2766 | D:5      | Entered Level 5 of the Dungeon
  2767 | D:5      | Reached skill level 9 in Stealth
  2886 | D:5      | Reached skill level 10 in Stealth
  3017 | D:5      | Found a sparkling altar of Nemelex Xobeh.
  3067 | D:5      | Found a sand-covered staircase.
  3073 | Ossuary  | Entered an ossuary
  3195 | Ossuary  | Reached skill level 1 in Fighting
  3398 | Ossuary  | Reached skill level 2 in Fighting
  3408 | Ossuary  | Reached skill level 5 in Short Blades
  3425 | D:5      | HP: 15/67 [worker ant zombie (3)]
  3430 | D:5      | HP: 5/67 [iguana (10)]
  3587 | D:6      | Found Wirroagh's Antique Weapon Shop.
  3641 | D:6      | HP: 15/68 [iguana (12)]
  3814 | D:6      | Gained mutation: You passively map the area around you.
                  | [Deep Dwarf growth]
  3814 | D:6      | Reached XP level 9. HP: 43/74 MP: 3/9
  4000 | D:7      | Reached skill level 3 in Fighting
  4301 | D:7      | Found a staircase to the Ecumenical Temple.
  4305 | D:7      | HP: 10/76 [orc priest/divine providence (11)]
  4318 | D:7      | Noticed Prince Ribbit
  4321 | D:7      | HP: 9/78 [Prince Ribbit (14)]
  4321 | D:7      | Slain by Prince Ribbit

Skill      XL: |  1  2  3  4  5  6  7  8  9 |
---------------+----------------------------+-----
Spellcasting   | 2 |  2.0
Earth Magic    | 5 6 |  6.0
Short Blades   | 1 2 3 4 5 |  5.8
Stealth        | 3 5 6 7 10 | 10.5
Conjurations   | 2 |  2.0
Transmutations | 2 |  2.6
Fighting       | 2 3 |  3.7
Dodging        | |  2.1

Action                   |  1- 3 |  4- 6 |  7- 9 || total
-------------------------+-------+-------+-------++-------
Melee: Dagger            |    43 |    98 |   384 ||   525
       Club              |     2 |       |       ||     2
 Cast: Sandblast         |    41 |    42 |    61 ||   144
       Passwall          |     1 |     8 |    35 ||    44
       Stone Arrow       |       |     7 |    46 ||    53
 Abil: Heal Wounds       |       |       |     5 ||     5
  Use: Potion            |     2 |     3 |    11 ||    16
       Scroll            |       |       |     6 ||     6
 Stab: Sleeping          |     2 |     5 |    37 ||    44
       Invisible         |     4 |       |       ||     4
  Eat: Chunk             |       |     2 |    11 ||    13
       Ration            |       |     1 |     2 ||     3
Armor: Robe              |    15 |    19 |    80 ||   114
Dodge: Dodged            |    37 |    60 |   172 ||   269

Vault maps used:
D:1:      matt_arrival_refuge
D:2:      lemuel_doored_altar, evilmike_ruin_ashenzari, uniq_robin
D:3:      portal_sewer_entry_f, uniq_crazy_yiuf_cottage, uniq_jessica
D:4:      first_ration, uniq_blork_the_orc
D:5:      minitemple, enter_ossuary_1, nemelex_spade_bored_becter
D:6:      serial_shops, nicolae_shop_trees
D:7:      temple_fountains, uniq_prince_ribbit1
Sewer:    sewer_co_tree
Ossuary:  minmay_ossuary_two_tombs

Table legend:
 A = Turns spent in this place as a percentage of turns spent in the entire game.
 B = Non-inter-level travel turns spent in this place as a percentage of non-inter-level travel turns spent in the entire game.
 C = Inter-level travel turns spent in this place as a percentage of turns spent in this place.
 D = Turns resting spent in this place as a percentage of non-inter-level travel turns spent in this place.
 E = Turns spent auto-exploring this place as a percentage of non-inter-level travel turns spent in this place.
 F = Non-inter-level travel turns spent in this place divided by the number of levels of this place that you've seen.
                   A       B       C       D       E      F
               +-------+-------+-------+-------+-------+----------------------
         Total | 100.0 | 100.0 |   0.9 |   0.0 |   0.0 | 476.0
       Dungeon |  80.4 |  80.2 |   1.1 |   0.0 |   0.0 | 491.0
         Sewer |  11.5 |  11.6 |   0.0 |   0.0 |   0.0 | 498.0
       Ossuary |   8.1 |   8.1 |   0.0 |   0.0 |   0.0 | 349.0
               +-------+-------+-------+-------+-------+----------------------

Table legend:
 A = Kills in this place as a percentage of kills in entire the game.
 B = Kills by you in this place as a percentage of kills by you in the entire game.
 C = Kills by friends in this place as a percentage of kills by friends in the entire game.
 D = Other kills in this place as a percentage of other kills in the entire game.
 E = Experience gained in this place as a percentage of experience gained in the entire game.
 F = Experience gained in this place divided by the number of levels of this place that you have seen.
                   A       B       C       D       E      F
               +-------+-------+-------+-------+-------+----------------------
         Total | 100.0 | 100.0 |   N/A |   N/A | 100.0 | 381.7
       Dungeon |  71.0 |  71.0 |   N/A |   N/A |  70.2 | 344.4
         Sewer |  10.6 |  10.6 |   N/A |   N/A |  17.3 | 594.0
       Ossuary |  18.4 |  18.4 |   N/A |   N/A |  12.5 | 430.0
               +-------+-------+-------+-------+-------+----------------------
